 Dungeon Crawl Stone Soup version 0.29.1-12-g30fa7ad0bf (webtiles) character file.

Game seed: 16871722286405553194

92 cdecastro the Conjurer (level 4, -3/24 HPs)
             Began as a Tengu Air Elementalist on Dec 15, 2022.
             Killed from afar by Blork the orc (10 damage)
             ... with a puff of frost
             ... on level 4 of the Dungeon.
             The game lasted 00:05:58 (4459 turns).

cdecastro the Conjurer (Tengu Air Elementalist)     Turns: 4459, Time: 00:05:59

Health: -3/24      AC:  2    Str:  9    XL:     4   Next: 60%
Magic:  6/8        EV: 12    Int: 17    God:
Gold:   63         SH:  0    Dex: 14    Spells: 1/7 levels left

rFire   . . .      SeeInvis .   u - +1 dagger (elec)
rCold   . . .      Faith    .   (no shield)
rNeg    . . .      Spirit   .   a - +0 robe
rPois   .          Reflect  .   (helmet restricted)
rElec   .          Harm     .   (no cloak)
rCorr   .          Rampage  .   (no gloves)
Will    .....                   (boots unavailable)
Stlth   ++........              (no amulet)
HPRegen 0.08/turn               (no ring)
MPRegen 0.11/turn               (no ring)

@: no status effects
A: beak, talons 3
a: no special abilities


You were on level 4 of the Dungeon.
You visited 1 branch of the dungeon, and saw 4 of its levels.

You collected 63 gold pieces.

Inventory:

Hand Weapons
 j - a +0 mace of protection
 u - a +1 dagger of electrocution (weapon)
Armour
 a - a +0 robe (worn)
 n - the +0 leather armour of Maim {rN+ SInv}
   (You found it on level 2 of the Dungeon)

   rN:        It protects you from negative energy.
   SInv:      It lets you see invisible.
Jewellery
 q - a ring of protection from fire
Scrolls
 e - a scroll of noise {unknown}
 g - 3 scrolls of enchant armour {unknown}
 h - a scroll of summoning {unknown}
 k - a scroll of torment {unknown}
 l - 2 scrolls of amnesia {unknown}
 o - a scroll of blinking {unknown}
 p - a scroll of fear {unknown}
 r - a scroll of butterflies {unknown}
 s - a scroll of identify {unknown}
Potions
 b - a potion of magic
 c - 3 potions of curing {unknown}
 f - a potion of heal wounds {unknown}
 i - 2 potions of degeneration {unknown}
 m - a potion of might {unknown}
 t - a potion of lignification {unknown}


   Skills:
 - Level 2.1 Dodging
 - Level 2.0 Stealth
 - Level 2.0 Spellcasting
 - Level 5.0 Conjurations
 + Level 4.9 Air Magic


You had one spell level left.
You knew the following spells:

 Your Spells              Type           Power      Damage    Failure   Level
a - Shock                 Conj/Air       72%        1d7       2%          1
b - Static Discharge      Conj/Air       18%        3-6/arc   3%          2
c - Swiftness             Air            18%        N/A       8%          3

Your spell library contained the following spells:

 Spells                   Type           Power      Damage    Failure   Level
 Necrotise                Necr           4%         1d4       19%         1
 Airstrike                Air            9%         2d(2-18)  26%         4
 Vampiric Draining        Necr           1%         2d6       50%         3
 Agony                    Necr           1%         N/A       99%         5


Dungeon Overview and Level Annotations

Branches:
Dungeon (4/15)             Temple (0/1) D:4

Altars:

Shops:
D:4 (

Portals:
Sewer: D:4

Annotations:
D:4 Blork the orc


Innate Abilities, Weirdness & Mutations

You have a beak for a mouth.
You have claws for feet.


Message History

The adder is struck by an arc of lightning!
The adder is almost dead.
You are struck by an arc of lightning.
The adder is struck by an arc of lightning.
You kill the adder!
You are struck by an arc of lightning.
The lightning grounds out.
Unknown command.
Unknown command.
You hear the slow rusting of a drain nearby.
There is a stone staircase leading up here.
You climb upwards.
There is a stone staircase leading down here.
You start resting.
Magic restored.
You start resting.
HP restored.
You climb downwards.
You hear the sound of rushing water.
There is an entrance to a sewer on this level.
Hurry and find it before the portal rusts away!
Level annotation: Blork the orc You hear the rusting of a drain nearby.
Blork the orc sings a few bars from the Orcish anthem.
There is a stone staircase leading up here.
Unknown command.
Blork the orc looks encouraged for a moment.
Unknown command.
Blork the orc hits you with a +0 war axe!
Ouch! That really hurt!
* * * LOW HITPOINT WARNING * * *
Unknown command.
Casting: Static Discharge (safe; 3% risk of failure)
Confirm with . or Enter, or press ? or * to list all spells.
Blork the orc is struck by an arc of lightning!
Blork the orc is moderately wounded.
You are struck by an arc of lightning.
* * * LOW HITPOINT WARNING * * *
The lightning grounds out.
Blork the orc gestures at you while chanting.
The puff of frost hits you!
You die...

~~~#.. # ##.## ~~~#.## .
...# ~∩B#o##.# ##..#
~BS#.##.## #...#
SBB#.#...## #.#.#
####..# #.## #.#.######
......# #..# #...<..÷.#
##.#..###..####...####.#
.#.###..........@.####.#
.#....!.##.....o....##.#
.##############..##.##.#
.# #..##.##.# .#
#........# .# #.###.####
.# #.# #.# .# ###.###.#
.# #.....#.##


You could see Blork the orc.

Vanquished Creatures
  4 adders
  2 worms (D:3)
  A dart slug (D:1)
  An orc (D:4)
  3 endoplasms
  A giant cockroach (D:1)
  4 hobgoblins
  4 quokkas
  3 ball pythons
  6 bats
  2 frilled lizards (D:2)
  8 goblins
  7 kobolds
  4 rats (D:3)
50 creatures vanquished.

Notes
Turn   | Place    | Note
-------+----------+-------------------------------------------
     0 | D:1      | cdecastro the Tengu Air Elementalist began the quest for
                  | the Orb.
     0 | D:1      | Reached XP level 1. HP: 10/10 MP: 4/4
   177 | D:1      | Reached skill level 2 in Conjurations
   586 | D:1      | Reached XP level 2. HP: 15/15 MP: 4/6
   652 | D:1      | Reached skill level 3 in Conjurations
  1227 | D:1      | Learned a level 2 spell: Static Discharge
  1915 | D:2      | Reached XP level 3. HP: 15/19 MP: 4/7
  2011 | D:2      | Reached skill level 4 in Conjurations
  2120 | D:2      | Identified the +0 leather armour of Maim {rN+ SInv}
  3491 | D:3      | Reached skill level 5 in Conjurations
  3491 | D:3      | Reached XP level 4. HP: 24/24 MP: 8/8
  3495 | D:3      | Learned a level 3 spell: Swiftness
  4264 | D:4      | Found Valinosu's Antique Weapon Shop.
  4299 | D:4      | Found a staircase to the Ecumenical Temple.
  4343 | D:4      | Found a glowing drain.
  4351 | D:4      | Noticed Blork the orc
  4459 | D:4      | Killed from afar by Blork the orc

Illustrated notes

Levels and vault maps discovered:
D:1:      roderic_octagonal_star, layout_loops_ring, minmay_tetromino_o2
D:2:      layout_loops_ring, hangedman_decor_points,
          hangedman_abyss_or_decor_lesser_grid
D:3:      layout_loops_corners
D:4:      layout_loops_ring, mainiacjoe_overflow_concentric_impassable,
          minmay_temple_entry_gardened_gates, gup_sewer_entry_glass,
          serial_shops, nicolae_shop_waterfront, uniq_blork_the_orc

Skill      XL: |  1  2  3 |
---------------+----------+-----
Conjurations   | 2 3 5 |  5.0
Dodging        | |  2.1
Stealth        | |  2.0
Spellcasting   | |  2.0
Air Magic      | |  4.9

Action                   |  1- 3 |  4- 6 || total
-------------------------+-------+-------++-------
Melee: Dagger            |    10 |     4 ||    14
       Peck              |     3 |     1 ||     4
       Mace              |    25 |       ||    25
       Kick              |     8 |       ||     8
 Cast: Shock             |    24 |       ||    24
       Static Discharge  |    17 |     9 ||    26
 Stab: Sleeping          |     5 |     1 ||     6
Armor: Robe              |     7 |       ||     7
Dodge: Dodged            |    47 |     3 ||    50
